 Dungeon Crawl Stone Soup version 0.15.1-1-gfacfea3 (webtiles) character file.

3181 Kashira the Thaumaturge (level 9, 36/36 HPs)
             Began as a Felid Ice Elementalist on Sept 24, 2014.
             Was a Believer of Kikubaaqudgha.
             Quit the game on Level 11 of the Dungeon.
             The game lasted 00:53:54 (15234 turns).

Kashira the Thaumaturge (Felid Ice Elementalist)   Turns: 15234, Time: 00:53:54

HP  36/36        AC  2     Str  7      XL: 9   Next: 63%
MP  29/29        EV 26     Int 16      God: Kikubaaqudgha [**....]
Gold 660         SH  0     Dex 18      Spells:  6 memorised,  9 levels left
Lives: 0, deaths: 3

rFire  . . .     SeeInvis +       - Unarmed
rCold  . . .     Clarity  .     (armour unavailable)
rNeg   . . .     rCorr    .     (shield unavailable)
rPois  .         rRot     .     (helmet unavailable)
rElec  .         Spirit   .     (cloak unavailable)
SustAb .         Warding  .     (gloves unavailable)
rMut   +         Stasis   .     (boots unavailable)
Gourm  .                        g - cursed amulet of resist mutation
MR     +....                    I - +3 ring of evasion
                                f - cursed ring of flight

@: quick, somewhat resistant to hostile enchantments, fairly stealthy
A: paw claws, no armour, no weapons or thrown items, fangs 3, see invisible,
carnivore 3, speed 1, shaggy fur 2, slow metabolism 1, jump 2
a: Jump Attack, Receive Corpses, Renounce Religion, Evoke Flight


You were on level 11 of the Dungeon.
You worshipped Kikubaaqudgha.
Kikubaaqudgha was pleased with you.
You were not hungry.

You visited 1 branch of the dungeon, and saw 11 of its levels.
You also visited: Ossuary.

You collected 686 gold pieces.
You spent 26 gold pieces at shops.

Inventory:

Magical devices
 v - a wand of enslavement (0)
 x - a wand of teleportation (4)
 E - a wand of fire (10)
 H - a wand of magic darts (11)
 J - a wand of digging (15)
 K - a wand of digging (13)
 M - a wand of confusion (11)
Comestibles
 o - 5 beef jerkies
 G - 3 meat rations
Scrolls
 a - a scroll of amnesia
 d - 6 scrolls of blinking {unknown}
 h - 2 scrolls of teleportation
 l - 10 scrolls of remove curse
 m - a scroll of recharging
 n - 3 scrolls of fog
 q - 2 scrolls of random uselessness {unknown}
 r - a scroll of holy word {unknown}
 s - 2 scrolls of fear
 t - a scroll of immolation {unknown}
 A - 2 scrolls of noise {unknown}
 D - 3 scrolls of identify
 N - a scroll of magic mapping {unknown}
Jewellery
 f - a cursed ring of flight (left paw)
 g - a cursed amulet of resist mutation (around neck)
 I - a +3 ring of evasion (right paw)
 L - an uncursed amulet of resist corrosion {unknown}
Potions
 e - a potion of haste {unknown}
 i - a potion of restore abilities {unknown}
 j - 3 potions of flight
 k - a potion of heal wounds {unknown}
 p - a potion of beneficial mutation {unknown}
 w - a potion of poison {unknown}
 z - a potion of cancellation
 B - 2 potions of might {unknown}
 C - 2 potions of curing
 F - a potion of resistance {unknown}
Books
 b - a book of Frost

   Spells                             Type                      Level
   *Freeze                            Ice                          1
   *Throw Frost                       Conjuration/Ice              2
   *Ozocubu's Armour                  Charms/Ice                   3
   *Throw Icicle                      Conjuration/Ice              4
   *Summon Ice Beast                  Ice/Summoning                4
   *Condensation Shield               Ice                          4
 c - Kikubaaqudgha's Handbook of Unholy Rites
   (Kikubaaqudgha gifted it to you on level 8 of the Dungeon)

   Spells                             Type                      Level
   Pain                               Necromancy                   1
   Corpse Rot                         Necromancy                   2
   Sublimation of Blood               Necromancy                   2
   Vampiric Draining                  Necromancy                   3
   Control Undead                     Necromancy                   4
 u - a book of Alchemy

   Spells                             Type                      Level
   Sublimation of Blood               Necromancy                   2
   Alistair's Intoxication            Transmutation/Poison         4
   *Condensation Shield               Ice                          4
   Petrify                            Transmutation/Earth          4
   Ignite Poison                      Fire/Transmutation           5
 y - a book of Fire

   Spells                             Type                      Level
   Ignite Poison                      Fire/Transmutation           5
   Fireball                           Conjuration/Fire             5
   Bolt of Fire                       Conjuration/Fire             6
   Delayed Fireball                   Conjuration/Fire             7
   Ring of Flames                     Charms/Fire                  7


   Skills:
 + Level 1.7 Fighting
 + Level 7.0 Dodging
 - Level 2.6 Stealth
 + Level 3.0 Unarmed Combat
 + Level 9.5 Spellcasting
 + Level 5.3 Conjurations
 + Level 0.5 Charms
 - Level 0.6 Summonings
 + Level 9.4 Ice Magic
 + Level 2.1 Evocations


You had 9 spell levels left.
You knew the following spells:

 Your Spells              Type           Power        Failure   Level  Hunger
a - Freeze                Ice            ####         1%          1    None
b - Throw Frost           Conj/Ice       ####..       1%          2    None
c - Ozocubu's Armour      Chrm/Ice       ###.....     4%          3    #......
d - Condensation Shield   Ice            #####.....   1%          4    ###....
e - Summon Ice Beast      Ice/Summ       ###.....     14%         4    ###....
f - Throw Icicle          Conj/Ice       ####....     6%          4    ###....


Dungeon Overview and Level Annotations

Branches:
Dungeon (11/15)            Temple (0/1) D:7             Orc (0/4) D:11
   Lair (0/8) D:8

Altars:
Ashenzari
Cheibriados
Kikubaaqudgha
Makhleb
Nemelex Xobeh
Vehumet
Xom

Shops:
D:9 %[**%

Annotations:
D:2 Sigmund
D:4 stonage's ghost, average GrFi
D:11 Harold


Innate Abilities, Weirdness & Mutations

You cannot wear armour.
You are incapable of wielding weapons or throwing items.
Your paws have sharp claws.
You have razor-sharp teeth.
You have supernaturally acute eyesight.
You are carnivorous and can eat meat at any time.
You cover ground quickly.
You are covered in thick fur (AC +2).
You have a slow metabolism.
You can jump attack at a medium distance.


Message History

The purple ugly thing pecks your ice beast!
Casting: Freeze
Confirm with . or Enter, or press ? or * to list all spells.
Aiming: Freeze
Press: ? - help, Shift-Dir - straight line, f/p - ogre
Aim: an ogre, wielding a giant club (almost dead, bewildered and confused)
You freeze the ogre.
You kill the ogre!
Kikubaaqudgha accepts your kill. Harold casts a spell at you.
The bolt of fire hits you!
Ouch! That really hurt!
You die...
Your ice beast hits Harold.
Your ice beast freezes Harold!
The purple ugly thing pecks your ice beast but does no damage.
You are now level 9!
You rejoin the land of the living...
Found a staircase to the Orcish Mines.
An orc, an orc warrior, an orc priest and an orc wizard come into view.
Are you sure you want to abandon this character and quit the game? (Confirm with "yes".) ....#########oo.. ........@....oo# ....############

You could see an orc warrior (sleeping), an orc priest (sleeping), an orc wizard (sleeping) and an orc (sleeping).

Vanquished Creatures
  An unseen horror (D:10)
  A hill giant (D:10)
  A gargoyle (D:10)
  Psyche (D:10)
  2 orc warriors
  A blink frog (D:8)
  A deep elf mage (D:5)
  A hungry ghost (D:10)
  Eustachio (D:9)
  4 hippogriffs
  2 wolves (D:10)
  3 sky beasts
  A phantom (D:7)
  5 ogres
  2 black bears
  A manticore skeleton (D:7)
  An ice beast (D:8)
  3 centaurs
  Blork the orc (D:5)
  3 giant frogs
  4 scorpions
  6 wights (D:9)
  A yak skeleton (D:9)
  A quasit (D:9)
  7 hounds
  2 goliath beetles
  Dowan (D:5)
  A crimson imp (D:8)
  2 orc priests
  4 centaur zombies (Ossuary)
  A human zombie (Ossuary)
  An iguana (D:7)
  A jelly (D:6)
  10 orc wizards
  4 worker ants
  2 elf skeletons
  2 orange rats (D:8)
  Ijyb (D:6)
  3 big kobold zombies (Ossuary)
  A hound zombie (D:10)
  17 adders
  2 giant mites
  2 shadow imps
  An adder zombie (Ossuary)
  An iguana skeleton (D:5)
  4 giant geckos
  2 oozes (D:3)
  29 orcs
  21 bats
  15 hobgoblins
  5 jackals
  9 kobolds
  2 quokkas
  A ball python (D:1)
  4 giant cockroaches
  2 giant newts
  9 goblins
  3 goblin zombies
  2 hobgoblin zombies (Ossuary)
  2 jackal zombies (Ossuary)
  2 kobold zombies (Ossuary)
  An orc zombie (Ossuary)
  2 quokka zombies (Ossuary)
  15 rats
  3 rat zombies (Ossuary)
247 creatures vanquished.

Vanquished Creatures (collateral kills)
  Pikel (D:8)
  A deep elf mage (D:6)
  A wolf (D:10)
  Grum (D:10)
  Menkaure (D:5)
  A phantom (D:6)
  A centaur (D:6)
  Duvessa (D:5)
  A giant frog (D:8)
  A worker ant (D:5)
  An orc wizard (D:9)
  3 mummies (Ossuary)
  An adder (D:5)
  A steam dragon zombie (D:5)
  A shadow imp (D:7)
  An adder zombie (D:5)
  4 orcs
  A bat (D:5)
  A hobgoblin (D:6)
  A gnoll zombie (Ossuary)
  A goblin zombie (Ossuary)
  2 hobgoblin zombies (Ossuary)
  3 jackal zombies (Ossuary)
  3 kobold zombies (Ossuary)
  An orc zombie (Ossuary)
  3 quokka zombies (Ossuary)
38 creatures vanquished.

Vanquished Creatures (others)
  4 slaves (D:8)
  8 ice beasts
  A giant frog skeleton (D:6)
  An orc (D:8)
14 creatures vanquished.

Grand Total: 299 creatures vanquished

Notes
Turn   | Place    | Note
--------------------------------------------------------------
     0 | D:1      | Kashira, the Felid Ice Elementalist, began the quest for the Orb.
     0 | D:1      | Reached XP level 1. HP: 7/7 MP: 4/4
   358 | D:1      | Reached XP level 2. HP: 9/11 MP: 2/5
   393 | D:1      | Learned a level 2 spell: Throw Frost
   513 | D:1      | Reached skill level 3 in Dodging
  1209 | D:1      | Reached XP level 3. HP: 12/14 MP: 1/8
  1359 | D:2      | Reached skill level 1 in Conjurations
  1522 | D:2      | Learned a level 3 spell: Ozocubu's Armour
  1702 | D:2      | Noticed Sigmund
  1798 | D:2      | Reached XP level 4. HP: 10/18 MP: 4/11
  2822 | D:3      | Reached XP level 5. HP: 21/21 MP: 7/14
  3052 | D:3      | Reached skill level 4 in Ice Magic
  3771 | D:4      | Found a sparkling altar of Nemelex Xobeh.
  4027 | D:4      | Gained mutation: You are covered in thick fur (AC +2). [growing up]
  4027 | D:4      | Gained mutation: You can jump attack at a medium distance. [growing up]
  4027 | D:4      | Reached XP level 6. HP: 24/24 MP: 12/17
  4104 | D:4      | Learned a level 4 spell: Condensation Shield
  4151 | D:4      | Noticed stonage's ghost (average GrFi)
  4351 | D:4      | Noticed a phantom
  4396 | D:5      | Entered Level 5 of the Dungeon
  4508 | D:5      | Found a shimmering altar of Xom.
  4513 | D:5      | Found a snail-covered altar of Cheibriados.
  4585 | D:5      | Found a burning altar of Makhleb.
  4609 | D:5      | Noticed a deep elf mage
  4609 | D:5      | Killed from afar by a deep elf mage
  4610 | D:5      | Reached XP level 5. HP: -8/21 MP: 9/16
  4644 | D:5      | Noticed Dowan
  4648 | D:5      | Noticed Duvessa
  4665 | D:5      | Found an ancient bone altar of Kikubaaqudgha.
  4671 | D:5      | Became a worshipper of Kikubaaqudgha
  4697 | D:5      | Killed Dowan
  4880 | D:5      | Killed a deep elf mage
  4880 | D:5      | Reached skill level 5 in Ice Magic
  4880 | D:5      | Reached XP level 6. HP: 9/24 MP: 7/19
  4919 | D:5      | Found a sand-covered staircase.
  4931 | Ossuary  | Entered an ossuary
  5106 | Ossuary  | Learned a level 4 spell: Summon Ice Beast
  5124 | Ossuary  | Reached skill level 5 in Spellcasting
  5359 | Ossuary  | Reached XP level 7. HP: 24/27 MP: 7/21
  5373 | Ossuary  | Reached skill level 1 in Unarmed Combat
  6157 | D:5      | Noticed Blork the orc
  6163 | D:5      | Reached skill level 1 in Fighting
  6163 | D:5      | Reached skill level 5 in Dodging
  6167 | D:5      | Killed Blork the orc
  6185 | D:5      | Noticed Menkaure
  6322 | D:5      | Killed Duvessa
  6327 | D:5      | Killed Menkaure
  6734 | D:6      | Noticed a deep elf mage
  6740 | D:6      | HP: 1/28 [deep elf mage/orb of energy (24)]
  6758 | D:6      | Killed a deep elf mage
  6758 | D:6      | Reached skill level 6 in Ice Magic
  6758 | D:6      | Reached XP level 8. HP: 3/32 MP: 13/23
  6760 | D:6      | Shot with an arrow by a centaur
  6761 | D:6      | Reached XP level 7. HP: -1/28 MP: 13/22
  7352 | D:6      | Noticed Ijyb
  7378 | D:6      | Killed Ijyb
  7760 | D:6      | Found a radiant altar of Vehumet.
  7862 | D:7      | Found a staircase to the Ecumenical Temple.
  7908 | D:7      | Learned a level 4 spell: Throw Icicle
  7972 | D:7      | Reached XP level 8. HP: 27/32 MP: 7/24
  9321 | D:7      | Reached skill level 7 in Ice Magic
  9954 | D:8      | Noticed Pikel
  9987 | D:8      | Noticed a blink frog
 10000 | D:8      | Killed Pikel
 10007 | D:8      | a blink frog (ally) was killed
 10068 | D:8      | Reached XP level 9. HP: 35/35 MP: 9/27
 10106 | D:8      | Acquired Kikubaaqudgha's first power
 10106 | D:8      | Received a gift from Kikubaaqudgha
 10108 | D:8      | Identified Kikubaaqudgha's Handbook of Unholy Rites (Kikubaaqudgha gifted it to you on level 8 of the Dungeon)
 10161 | D:8      | Found a staircase to the Lair.
 10459 | D:8      | Reached skill level 1 in Evocations
 10998 | D:8      | Found a shattered altar of Ashenzari.
 11118 | D:8      | Reached skill level 8 in Ice Magic
 11991 | D:9      | Found Selun's General Store.
 11996 | D:9      | Bought a potion of curing for 26 gold pieces
 12009 | D:9      | Found Anwum's General Store.
 12021 | D:9      | Found Smaumm's Food Shop.
 12435 | D:9      | Acquired Kikubaaqudgha's second power
 12455 | D:9      | Found Lueruezu's Food Shoppe.
 12484 | D:9      | Noticed Eustachio
 12490 | D:9      | Killed Eustachio
 12512 | D:9      | Found Gakik's Armour Shoppe.
 12926 | D:9      | Reached XP level 10. HP: 27/39 MP: 10/29
 13605 | D:10     | Entered Level 10 of the Dungeon
 13856 | D:10     | Noticed an unseen horror
 13942 | D:10     | Killed an unseen horror
 13942 | D:10     | Reached skill level 9 in Spellcasting
 13942 | D:10     | Reached skill level 5 in Conjurations
 14143 | D:10     | Noticed a hill giant
 14161 | D:10     | Killed a hill giant
 14381 | D:10     | Noticed Grum
 14434 | D:10     | Killed Grum
 14928 | D:10     | Noticed Psyche
 14943 | D:10     | Killed Psyche
 15212 | D:11     | Noticed Harold
 15228 | D:11     | Noticed a purple ugly thing
 15233 | D:11     | Killed from afar by Harold
 15234 | D:11     | Reached XP level 9. HP: -1/36 MP: 19/29
 15234 | D:11     | Found a staircase to the Orcish Mines.
 15234 | D:11     | Quit the game

Action                   |  1- 3 |  4- 6 |  7- 9 | 10-12 || total
-------------------------+-------+-------+-------+-------++-------
Melee: Unarmed           |    11 |    77 |   179 |    14 ||   281
 Cast: Freeze            |    41 |   104 |    98 |    20 ||   263
       Throw Frost       |    16 |    60 |    53 |    23 ||   152
       Ozocubu's Armour  |       |     9 |     7 |     2 ||    18
       Summon Ice Beast  |       |     2 |    29 |     5 ||    36
       Condensation Shie |       |     2 |    12 |     4 ||    18
       Throw Icicle      |       |       |   101 |    46 ||   147
 Abil: Jump Attack       |       |       |     1 |       ||     1
Evoke: Wand              |       |       |     7 |     8 ||    15
  Use: Scroll            |       |    13 |     1 |       ||    14
       Potion            |       |     4 |       |       ||     4
 Stab: Sleeping          |       |       |     1 |       ||     1
       Distracted        |       |       |       |     2 ||     2
  Eat: Chunk             |    10 |    10 |    38 |     9 ||    67
       Meat ration       |       |       |     1 |       ||     1
       Pizza             |       |       |     1 |       ||     1
